 Dungeon Crawl Stone Soup version 0.27.1-1-g398f81649c (webtiles) character file.

Game seed: 14610173827194262633

51 nxtlvl the Chopper (level 3, -1/43 (46) HPs)
             Began as a Draconian Berserker on Sept 21, 2021.
             Was a Follower of Trog.
             Slain by a wight (5 damage)
             ... on level 4 of the Dungeon.
             The game lasted 00:03:08 (335 turns).

nxtlvl the Chopper (Draconian Berserker)             Turns: 335, Time: 00:03:09

HP:   -1/43 (46)    AC:  5    Str: 19    XL:     3   Next: 58%
MP:   3/3           EV: 12    Int:  7    God:    Trog [*.....]
Gold: 15            SH:  0    Dex: 11    Spells: 2/2 levels left

rFire    . . .     SeeInvis .   a - +0 hand axe
rCold    . . .     Faith    .   (no shield)
rNeg     . . .     Spirit   .   (armour unavailable)
rPois    .         Reflect  .   (helmet restricted)
rElec    .         Harm     .   (no cloak)
rCorr    .         Rampage  .   (no gloves)
Will     +....                  (no boots)
Stlth    ..........             (no amulet)
HPRegen  0.14/turn              j - ring of willpower
MPRegen  0.08/turn              (no ring)

@: berserking, drained, very quick
A: AC +5, unfitting armour, cold-blooded
a: Renounce Religion, Berserk


You were on level 4 of the Dungeon.
You worshipped Trog.
Trog was aware of your devotion.
You visited 1 branch of the dungeon, and saw 4 of its levels.

You collected 15 gold pieces.

Inventory:

Hand Weapons
 a - a +0 hand axe (weapon)
Missiles
 c - 15 poisoned darts (quivered)
Jewellery
 j - a ring of willpower (left hand)
Scrolls
 b - a scroll of immolation {unknown}
 g - a scroll of enchant weapon {unknown}
 i - a scroll of enchant armour {unknown}
Potions
 d - a potion of curing {unknown}
 e - a potion of degeneration {unknown}
 f - a potion of mutation {unknown}
 h - a potion of brilliance {unknown}


   Skills:
 - Level 3.2 Fighting
 * Level 4.6 Axes
 - Level 2.6 Dodging


You had 2 spell levels left.
You didn't know any spells.
Your spell library was empty.

Dungeon Overview and Level Annotations

Branches:
Dungeon (4/15)
 Temple: D:4-7

Altars:

Shops:
D:1 =


Innate Abilities, Weirdness & Mutations

Your plain brown scales are hard. (AC +5)
You cannot fit into any form of body armour.
You are cold-blooded and may be slowed by cold attacks.


Message History

You slash the centaur skeleton!
You destroy the centaur skeleton!
Trog accepts your kill.
You have reached level 3!
Your experience leads to an increase in your attributes!
Increase (S)trength, (I)ntelligence, or (D)exterity?
You feel agile.
Your scales feel tougher.
There is an open door here.
Found a scale mail.
j - a ring of willpower You recover from your berserk rage.
j - a ring of willpower (left hand) As you open the door, it creaks loudly!
A goblin and 4 wights come into view.
A wight is wielding a +1 war axe of freezing.
A wight is wielding a +3 battleaxe of freezing.
The goblin shouts!
A red film seems to cover your vision as you go berserk!
You feel yourself moving faster!
You feel mighty!
You feel a strong urge to attack something.
The wight closely misses you.
There is an open door here.
You slash the wight!
The wight is heavily damaged.
You closely miss the wight.
The wight hits you with a +1 war axe of freezing.
You feel drained. The wight freezes you. The wight barely misses you. x2
You barely miss the wight.
The wight is heavily damaged.
You barely miss the wight. You hit the wight but do no damage.
You miss the goblin. The wight hits you but does no damage.
The goblin completely misses you. The wight closely misses you.
The wight hits you with a +3 battleaxe of freezing!
* * * LOW HITPOINT WARNING * * *
The wight freezes you.
* * * LOW HITPOINT WARNING * * *
You closely miss the wight.
The wight is heavily damaged.
You hit the wight. You slash the wight! You closely miss the goblin.
The wight hits you from afar with a +0 spear.
You die...

###### ....#####
#.......# #.......#
#..z....# .# #.zzg...#
#.# ########@###
########.## .........z.#
#.......... ...........#
#.......... .[.........#
#.......... ...........#
#.......... ...........#
#..........
...........######+##'#...
...........'....#.##.#.##
......)....####.#....#.<#


You could see 4 wights and a goblin.

Vanquished Creatures
  A centaur skeleton (D:4)
  An ufetubus (D:4)
  A ball python (D:2)
  2 bats (D:2)
  2 giant cockroaches
  3 goblins
  A hobgoblin (D:4)
  3 kobolds (D:1)
  A quokka (D:2)
  2 rats (D:2)
17 creatures vanquished.

Notes
Turn   | Place    | Note
-------+----------+-------------------------------------------
     0 | D:1      | nxtlvl the Draconian Berserker began the quest for the Orb.
     0 | D:1      | Reached XP level 1. HP: 19/19 MP: 1/1
    23 | D:1      | Found Xaklaxua's Jewellery Emporium.
   111 | D:1      | Reached XP level 2. HP: 26/26 MP: 2/2
   280 | D:4      | Reached skill level 4 in Axes
   321 | D:4      | Reached XP level 3. HP: 12/31 MP: 3/3
   335 | D:4      | Slain by a wight

Illustrated notes

Levels and vault maps discovered:
D:1:      co_arrival_random_square_maze, layout_rooms, serial_shops, shop_statue
D:2:      layout_loops_corners, wad_floor_pattern_2
D:3:      minmay_bubble_buster, layout_basic, supply_closet_lemuel, uniq_jessica
D:4:      layout_basic, riverfiend_overflow_shadow_ancestor,
          grunt_temple_overflow_cloverleaf, uniq_pikel

Skill      XL: |  1  2 |
---------------+-------+-----
Axes           | 4 |  4.6
Fighting       | |  3.2
Dodging        | |  2.6

Action                   || total
-------------------------++-------
Melee: Hand axe          ||    44
       Tailslap          ||     3
Invok: Berserk           ||     5
 Stab: Sleeping          ||     1
Armor: Skin              ||    19
Dodge: Dodged            ||    37
